 Dungeon Crawl Stone Soup version 0.31-a0-217-g58bb5d79cf (webtiles) character file.

Game seed: 15673915122825936647

164 qw the Shooter (level 5, 0/31 HPs)
             Began as a Gargoyle Hexslinger on July 2, 2023.
             Slain by a river rat (5 damage)
             ... in a sewer.
             The game lasted 00:00:48 (2230 turns).

qw the Shooter (Gargoyle Hexslinger)                Turns: 2230, Time: 00:00:48

Health: 0/31       AC:  8    Str: 12    XL:     5   Next: 45%
Magic:  6/6        EV: 11    Int: 13    God:
Gold:   181        SH:  5    Dex: 14    Spells: 5/6 levels left

rFire   . . .        Y - +0 shortbow
rCold   . . .        (shield currently unavailable)
rNeg    + . .        a - +0 leather armour
rPois   inf          (no helmet)
rElec   +            (no cloak)
rCorr   .            (no gloves)
SInv    .            d - +0 pair of boots
Will    .....        b - amulet of reflection
Stlth   +            (no ring)
HPRegen 0.25/turn    (no ring)
MPRegen 0.10/turn

%: reflection
@: very slow
A: sickness immunity, AC +4, negative energy resistance 1, electricity
resistance, torment resistance 1, petrification resistance
a: no special abilities


You were in a sewer.
You visited 1 branch of the dungeon, and saw 3 of its levels.
You also visited: Sewer.

You collected 181 gold pieces.


Innate Abilities, Weirdness & Mutations

You are immune to sickness and miasma.
Your stone body is resilient. (AC +4)
You are immune to poison.
You resist negative energy. (rN+)
You are resistant to electric shocks. (rElec)
You are resistant to unholy torment.
You are immune to petrification.


   Skills:
 + Level 2.5 Fighting
 - Level 5.0 Ranged Weapons
 - Level 1.5 Dodging
 - Level 1.0 Spellcasting
 - Level 2.6 Hexes


You had 5 spell levels left.
You knew the following spells:

 Your Spells              Type           Power      Damage    Failure   Level
a - Slow                  Hex            28%        N/A       12%         1

Your spell library contained the following spells:

 Spells                   Type           Power      Damage    Failure   Level
 Inner Flame              Hex/Fire       4%         N/A       52%         3
 Portal Projectile        Hex/Tloc       8%         N/A       52%         3
 Cause Fear               Hex            3%         N/A       75%         4

Inventory:

Hand Weapons
 Y - a +0 shortbow (weapon)
Armour
 a - a +0 leather armour (worn)
 d - a +0 pair of boots (worn)
Jewellery
 b - an amulet of reflection (around neck)
Scrolls
 e - a scroll of identify
Potions
 c - a potion of attraction {unknown}

Dungeon Overview and Level Annotations

Branches:
Dungeon (3/15)              Sewer (1/1)

Altars:
Ashenzari

Shops:
D:1 (   D:2 :


Message History

You block the adder's attack. The river rat barely misses you.
You shoot an arrow. The arrow closely misses the adder.
The adder bites you. The river rat barely misses you.
The adder bites you but does no damage.
You shoot an arrow. The arrow barely misses the adder.
You block the river rat's attack. The adder bites you.
You shoot an arrow. The arrow hits the adder.
You kill the adder!
The river rat closely misses you. The river rat bites you.
You shoot an arrow.
The arrow hits the river rat but does no damage.
You block the river rat's attack.
You shoot an arrow. The arrow barely misses the river rat.
The arrow hits the rat.
You kill the rat!
The river rat bites you but does no damage.
You shoot an arrow. The arrow barely misses the river rat.
The river rat barely misses you.
You shoot an arrow. The arrow closely misses the river rat.
You block the river rat's attack.
The river rat bites you but does no damage.
You shoot an arrow. The arrow closely misses the river rat.
The river rat bites you but does no damage.
You shoot an arrow.
The arrow completely misses the river rat.
The river rat bites you but does no damage.
You shoot an arrow.
The arrow hits the river rat but does no damage.
The river rat bites you but does no damage.
You shoot an arrow.
The arrow hits the river rat but does no damage.
The river rat bites you.
You shoot an arrow. The arrow hits the river rat.
The river rat is moderately wounded.
The river rat bites you.
You shoot an arrow. The arrow closely misses the river rat.
The river rat misses you. The river rat closely misses you.
You shoot an arrow. The arrow closely misses the river rat.
The river rat bites you.
You die...

#~~~~~~#
#~~~#~~#
#~.~~~~#
#~~~~~~#
#~~~~.~#
#~~~~~~#
#~~~~~~#
#~~~~~~#
#~~~@~~#
#~~~r~~#
#.~.%~##
#......
##......
#.%.....
##.......
####.....


You could see a river rat.

Vanquished Creatures
  A scorpion (D:3)
  4 adders
  A river rat (D:3)
  3 worms
  4 dart slugs
  An orc (D:3)
  3 endoplasms
  A giant cockroach (D:1)
  4 hobgoblins
  4 jackals (D:1)
  2 kobolds (D:1)
  A quokka (D:1)
  4 ball pythons
  A bat (D:1)
  2 goblins
  10 rats
46 creatures vanquished.

Notes
Turn   | Place    | Note
-------+----------+-------------------------------------------
     0 | D:1      | qw the Gargoyle Hexslinger began the quest for the Orb.
     0 | D:1      | Reached XP level 1. HP: 12/12 MP: 2/2
     0 | D:1      | 0 ||| qw: Version: 0.3-a-40-ge99b1a8
     0 | D:1      | 0 ||| qw: Game counter: 60
     0 | D:1      | 0 ||| qw: Melee chars always use a shield: true
     0 | D:1      | 0 ||| qw: God list: Okawaru
     0 | D:1      | 0 ||| qw: Allow faded altars: false
     0 | D:1      | 0 ||| qw: Do Orc after clearing Dungeon:15 true
     0 | D:1      | 0 ||| qw: Do second Lair branch before Depths: true
     0 | D:1      | 0 ||| qw: Lair rune preference: random
     0 | D:1      | 0 ||| qw: Goals: Normal
     0 | D:1      | 0 ||| PLANNING D:1-11
   239 | D:1      | 239 ||| SWAPPING to +0 shortbow.
   240 | D:1      | 240 ||| DROPPING +1 sling.
   242 | D:1      | Found Tairipp's Weapon Shop.
   318 | D:1      | Reached XP level 2. HP: 16/16 MP: 3/3
   461 | D:1      | Reached skill level 3 in Ranged Weapons
   892 | D:1      | 892 ||| UPGRADING to +0 leather armour.
   902 | D:1      | 902 ||| DROPPING +0 robe.
   903 | D:1      | 903 ||| READING scroll labelled FOILIXUMAS.
   904 | D:1      | 904 ||| READING scroll labelled GUETAY RAURU.
   905 | D:1      | 905 ||| DROPPING scroll of poison.
  1142 | D:2      | Reached XP level 3. HP: 21/21 MP: 4/4
  1251 | D:2      | Found a broken altar of Ashenzari.
  1496 | D:2      | Found Xunefad's Book Boutique.
  1769 | D:2      | 1769 ||| UPGRADING to amulet of reflection.
  1774 | D:2      | 1774 ||| READING scroll labelled XOQEDU YQAODD.
  1789 | D:3      | 1789 ||| PLANNING SEWER
  1827 | D:3      | Found a faded altar of an unknown god.
  1829 | D:3      | Noticed a scorpion
  1839 | D:3      | Killed a scorpion
  1840 | D:3      | Reached skill level 4 in Ranged Weapons
  1840 | D:3      | Reached XP level 4. HP: 18/26 MP: 5/5
  1960 | D:3      | Reached XP level 5. HP: 27/30 MP: 6/6
  2038 | D:3      | HP: 3/30 [river rat (8)]
  2039 | D:3      | HP: 1/30 [river rat (2)]
  2041 | D:3      | Reached skill level 5 in Ranged Weapons
  2155 | D:3      | Found a glowing drain.
  2156 | D:3      | 2156 ||| UPGRADING to +0 pair of boots.
  2169 | Sewer    | Entered a sewer
  2182 | Sewer    | 2182 ||| Stepping ~*~*~tactically~*~*~ (water).
  2187 | Sewer    | 2187 ||| Stepping ~*~*~tactically~*~*~ (water).
  2228 | Sewer    | HP: 4/31 [river rat (5)]
  2230 | Sewer    | Slain by a river rat

Levels and vault maps discovered:
D:1:      amcnicky_arrival_feature_with_door, layout_basic, serial_shops,
          nicolae_shop_bloodbath_and_beyond, st_stairs_3
D:2:      layout_basic, basic_altar, serial_shops,
          nicolae_shop_advertising_works [nicolae_subvault_shop_adworks],
          chequers_decorated_corner
D:3:      layout_loops_ring, portal_sewer_entry_a,
          hellmonk_ecumenical_altar_pennies_from_heaven
Sewer:    sewer_minmay_w

Skill      XL: |  1  2  3  4  5 |
---------------+----------------+-----
Ranged Weapons | 3 4 5 |  5.0
Fighting       | 2 |  2.5
Dodging        | |  1.5
Spellcasting   | |  1.0
Hexes          | |  2.6

Action                     |  1- 3 |  4- 6 || total
---------------------------+-------+-------++-------
   Fire: Sling             |    14 |       ||    14
         Shortbow          |   106 |    96 ||   202
    Use: Scroll            |     3 |       ||     3
 Armour: Robe              |    19 |       ||    19
         Leather armour    |     3 |    28 ||    31
  Dodge: Dodged            |    37 |    34 ||    71
  Block: Other             |     2 |    11 ||    13

Table legend:
 A = Non-vault XP
 B = Vault XP
 C = Vault XP percentage of total XP
 D = Non-vault monster count
 E = Vault monster count
 F = Vault count percentage of total count
                 A         B        C        D         E       F
            +---------+---------+-------+---------+---------+-------
      Total |     167 |      68 |  28.9 |      31 |      15 |  32.6
            +---------+---------+-------+---------+---------+-------
        D:1 |      23 |       6 |  20.7 |      13 |       3 |  18.8
        D:2 |      30 |       0 |   0.0 |      11 |       0 |   0.0
        D:3 |     114 |      28 |  19.7 |       7 |       3 |  30.0
      Sewer |       0 |      34 | 100.0 |       0 |       9 | 100.0
            +---------+---------+-------+---------+---------+-------
